Croesus, chaotic female elven Ranger -------------- ------ ----- ##+.............# |....-# |...| ----- # |............| |....|# |...| |...| ####..)...........#######.....|# #...<| |..%| # #|............|# |....|# |...| #-...| -------- # #-----.--------% ---|--# |...-######----- |......-## # # ##(######## # # -.--- |......| # # #[ ### # # |.......#### # # #### # # ### |......| # # # # # #### #----|---- -------- ###-----# #### # -.---- #|.......| #-...-##[## ## |....| #|.......| |...| #### --@-- |....| #|.....%.| |.[[.### |&&.-#########|....| #|.......| |...|##[ |...| #-....| #........| |)..-[ `##.....###### |....| -----|--- -|--- ---|- |....| # ^ # ------ Croesus the Reconnoiteress Experience level: 10 Strength: 25 Dexterity: 16 Constitution: 16 Intelligence: 15 Wisdom: 14 Charisma: 8 Health: 0(87) Energy: 74(74) Def: 16 Gold: 37 Moves: 27041 Dungeon seed: l9zTD7ED6nQueGpi Game ID: Croesus_1605614668 Your Inventory: Weapons a - an uncursed +2 elven arrow d - an uncursed +0 thirsty dagger of searching (weapon in hand) e - an uncursed +1 elven bow (alternate weapon; not wielded) L - 41 uncursed poisoned +2 elven arrows W - 21 uncursed +0 arrows X - 32 uncursed poisoned +0 arrows (in quiver) Armor B - a blessed +2 elven mithril-coat (being worn) C - an uncursed +0 dwarvish cloak of drain resistance (being worn) D - an uncursed +0 pair of low boots (being worn) E - an uncursed +0 pair of gauntlets of power (being worn) F - an uncursed +0 shield of reflection (being worn) H - an uncursed +0 dwarvish iron helm (being worn) Comestibles c - an uncursed food ration i - 2 uncursed male lizard corpses m - an uncursed female lizard corpse Rings f - an uncursed ring of protection from shape changers g - an uncursed ring of fire immunity n - an uncursed ring of conflict (on left hand) O - an uncursed ring of polymorph control Wands h - an uncursed wand of undead turning (0:5) y - an uncursed wand of slow monster (0:4) A - an uncursed wand of sleep (0:1) K - a cursed wand of speed monster (0:3) M - an uncursed wand of striking (0:0) P - an uncursed wand of teleportation (0:3) S - an uncursed wand of speed monster (0:1) Tools b - an uncursed bag of holding k - an uncursed skeleton key l - a blessed magic lamp s - an uncursed stethoscope u - an uncursed +0 unicorn horn w - a cursed tin whistle J - an uncursed mirror T - an uncursed towel Gems r - an uncursed touchstone z - an uncursed luckstone Coins $ - 37 gold pieces Contents of the bag of holding: an uncursed amulet of reflection a blessed +2 arrow 8 uncursed +0 darts of frost an uncursed +0 elven spear 10 blessed poisoned +1 orcish arrows 10 uncursed poisoned +0 orcish arrows of frost and lightning an uncursed +0 pair of water walking boots an uncursed +0 robe an uncursed eucalyptus leaf 2 uncursed lembas wafers an uncursed sprig of wolfsbane an uncursed scroll of enchant armor a cursed scroll of enchant armor 5 uncursed scrolls of enchant weapon an uncursed scroll of genocide 2 uncursed scrolls of magic mapping 2 uncursed scrolls of remove curse 2 uncursed scrolls of taming 2 uncursed scrolls of teleportation an uncursed potion of restore ability an uncursed potion of speed a cursed ring of hunger a cursed ring of polymorph a cursed ring of stealth an uncursed wand of digging (0:8) an uncursed wand of digging (0:6) an uncursed wand of digging (0:5) an uncursed wand of digging (0:5) an uncursed wand of slow monster (0:7) an uncursed wand of speed monster (0:5) an uncursed wand of speed monster (0:4) a blessed wand of speed monster (0:3) an uncursed wand of striking (0:5) an uncursed wand of striking (0:4) an uncursed wand of summoning (0:3) an uncursed wand of undead turning (0:5) an uncursed lock pick an uncursed +0 pick-axe an uncursed tinning kit (0:34) an uncursed +0 unicorn horn 2 uncursed amethyst stones 2 uncursed diamonds 3 uncursed emeralds an uncursed fluorite stone 2 uncursed garnet stones an uncursed jacinth stone a cursed jasper stone an uncursed jet stone an uncursed luckstone an uncursed obsidian stone 2 uncursed rubies an uncursed sapphire 3854 gold pieces Spells and supernatural/magical abilities: Name Level Category Cost Memory d - dig 2 matter 2000pw 90% i - invisibility 4 escape 4000pw 91% j - jumping 1 escape 1000pw 90% k - knock 1 matter 1000pw 84% l - light 1 divination 1000pw 83% m - magic missile 2 attack 2000pw 90% o - cone of cold 4 attack 4000pw 83% p - protection 1 clerical 1000pw 97% r - remove curse 3 clerical 3000pw 83% u - confuse monster 2 enchantment 2000pw 68% v - clairvoyance 3 divination 3000pw 83% x - extra healing 3 healing 3000pw 63% B - cure blindness 2 healing 2000pw 74% C - cancellation 5 matter 5000pw 80% D - drain life 2 attack 2000pw 74% I - identify 2 divination 2000pw 83% O - summoning 2 clerical 2000pw 74% R - restore ability 4 healing 4000pw 63% W - pray for help -- divine ? -- Your skills at the end: Fighting Skills wands [Basic] Weapon Skills dagger [Skilled] spear [Basic] bow [Expert] Spellcasting Skills divination spells [Basic] Final Attributes: You were piously aligned. You were cold resistant. You were immune to sleep. You were poison resistant. You were level-drain resistant. You saw invisible. You were telepathic. You had automatic searching. You had infravision. You were invisible. You were stealthy. You were conflicting. You had teleport control. You were protected. You had reflection. You were lucky. You had extra luck. Bad luck did not time out for you. Good luck did not time out for you. Mars favoured you deeply. You are dead. Vanquished creatures: 2 stone golems a baby black dragon 2 vampire lords a lich an ettin a ghost 2 giant mimics a rock troll a hezrou 3 large mimics a wumpus a long worm 2 stalkers an air elemental a giant mummy a black naga 3 barbed devils a warg 2 winter wolves 2 small mimics 2 ettin mummies a sasquatch 2 gelatinous cubes 2 pyrolisks 3 large dogs a shocking sphere 3 large cats 5 tigers a dwarf king 5 tengu an ochre jelly 2 leocrottas an energy vortex a stone giant 3 elf mummies 4 human mummies a pit viper 2 ettin zombies a leather golem 2 incubi 3 chameleons 2 crocodiles a giant beetle 5 quivering blobs 2 cockatrices 13 wolves a lynx a panther a gremlin a spotted jelly 4 leprechauns 2 orc-captains 3 iron piercers 6 giant spiders 2 scorpions 4 black lights a gnome king 2 orc mummies 4 dwarf mummies 2 brown puddings a rust monster an owlbear 5 yetis a gold golem 2 werewolves 7 lizards 2 chickatrices 2 dogs a dingo a housecat 2 jaguars 2 dwarf lords 3 blue jellies 4 white unicorns a gray unicorn 2 dust vortices 3 plains centaurs 3 gnome mummies 3 snakes 3 apes 3 human zombies 2 rope golems a Woodland-elf 6 soldier ants 5 fire ants 21 bugbears 2 imps 4 wood nymphs a water nymph 4 mountain nymphs a Mordor orc 17 Uruk-hai 5 orc shamans 7 rock piercers 2 rock moles 3 ponies 4 fog clouds 6 yellow lights 2 shriekers a violet fungus 20 gnome lords 9 gnomish wizards a red naga hatchling a golden naga hatchling 3 guardian naga hatchlings 3 gray oozes a barrow wight 4 ghouls 2 straw golems 4 paper golems 2 baby crocodiles 10 giant ants 7 little dogs 11 floating eyes 4 kittens 23 dwarves 2 homunculi 5 kobold lords 4 kobold shamans 59 hill orcs 9 rothes 4 rabid rats 2 centipedes 9 giant bats a monkey 3 orc zombies 6 dwarf zombies 4 wererats 3 werejackals 12 iguanas 19 killer bees 7 acid blobs 5 coyotes 4 gas spores 7 hobbits 5 large kobolds 26 hobgoblins 11 giant rats 6 cave spiders a brown mold 4 yellow molds 3 green molds 3 red molds 56 gnomes 12 garter snakes 2 gnome zombies 17 geckos 31 jackals a fox 5 kobolds 8 goblins 17 sewer rats 12 grid bugs 9 bats 8 lichens 4 kobold zombies 24 newts 814 creatures vanquished. Genocided species: master mind flayers 1 species genocided. Voluntary challenges: You had followed a strict vegan diet until turn 3029. You had followed a strict vegetarian diet until turn 3029. You used a wielded weapon 460 times, starting on turn 331. You read items or engraved 164 times, starting on turn 1411. You genocided 1 type of monster, starting on turn 17066. You never polymorphed an object. You changed form 1 time, starting on turn 18337. You used no wishes. You never split a pudding. You wrote Elbereth's name 8 times, starting on turn 1411. You violated your moral code, losing 250 points of alignment, starting on turn 19417. Dungeon overview: The Dungeons of Doom: levels 1 to 12 Level 1 an altar to Mars a long staircase Level 2 some fountains, a vault Level 3 an armor shop, some fountains, a vault stairs to The Gnomish Mines Level 4 an armor shop, a sink Level 5 a fountain, a sink Level 6 Level 7 many fountains Level 8 an altar to Mars stairs to Sokoban Level 9 an altar to Mars Level 10 Level 11 <- You were here a vault Level 12 The Gnomish Mines: levels 4 to 12 Level 4 stairs to The Dungeons of Doom Level 5 Level 6 Level 7 some shops, a temple to Mars, some fountains Level 8 Level 9 Level 10 Level 11 Level 12 some fountains Sokoban: levels 4 to 7 Level 4 Solved Level 5 Solved Level 6 Solved Level 7 Solved stairs to The Dungeons of Doom History has recorded: On T:1 you entered the Dungeons of Doom to retrieve the Amulet of Yendor! On T:385 you reached level 2 of The Dungeons of Doom. On T:615 you reached level 3 of The Dungeons of Doom. On T:875 you reached level 1 of The Gnomish Mines. On T:958 you reached level 4 of The Dungeons of Doom. On T:1830 you reached level 2 of The Gnomish Mines. On T:2122 you reached level 3 of The Gnomish Mines. On T:2302 you reached level 4 of The Gnomish Mines. On T:2552 you advanced to experience level 2. On T:2668 you advanced to experience level 3. On T:3011 you advanced to experience level 4. On T:3754 you advanced to experience level 5. On T:4298 you advanced to experience level 6. On T:4496 you reached level 5 of The Gnomish Mines. On T:6429 you reached level 5 of The Dungeons of Doom. On T:7043 you reached level 6 of The Dungeons of Doom. On T:7473 you advanced to experience level 7. On T:7533 you reached level 7 of The Dungeons of Doom. On T:8075 you reached level 8 of The Dungeons of Doom. On T:8119 you reached level 9 of The Dungeons of Doom. On T:9196 you reached level 4 of Sokoban. On T:10132 you reached level 3 of Sokoban. On T:10429 you advanced to experience level 8. On T:11099 you reached level 2 of Sokoban. On T:11906 you reached level 1 of Sokoban. On T:14530 you advanced to experience level 9. On T:14901 you reached level 10 of The Dungeons of Doom. On T:15890 you reached level 11 of The Dungeons of Doom. On T:17066 you genocided master mind flayers. On T:18535 you reached level 6 of The Gnomish Mines. On T:18660 you reached level 7 of The Gnomish Mines. On T:19127 you reached level 9 of The Gnomish Mines. On T:19341 you advanced to experience level 10. On T:19462 you reached level 8 of The Gnomish Mines. On T:25084 you reached level 12 of The Dungeons of Doom. Score breakdown: Gold: 3891 (12212 points) Experience: 10 levels (16712 points) Exploration: 12 levels ( 25.53%) (14670 points) Discoveries: 114 items ( 38.64%) (18649 points) Valuables value: (no points given unless you survive) Artifact value: 0 ( 0 points) Variety of kills: 157 monsters ( 41.32%) (19283 points) Turncount: 27041 turns (-3848 points) Survival: died (score multiplied by 80%) Total score: 62142 Latest messages: The barbed devil bumps right into you! You hit the barbed devil! Sirius bites the barbed devil. The barbed devil hits Sirius. The barbed devil misses Sirius. (2x) The barbed devil hits! (2x) The barbed devil misses. You hit the barbed devil! The barbed devil hits! (2x) The barbed devil misses. You hit the barbed devil! Yeenoghu wields a flail! Yeenoghu swings his flail at you. Yeenoghu hits! (2x) Yeenoghu touches you! You are hit by a shower of missiles! Yeenoghu casts a spell! The magic missile hits you! The magic missile is disrupted by your shield! Sirius bites the python. The python misses Sirius. (2x) The invisible quasit is caught in a spider web. Yeenoghu casts a spell! The magic missile hits you! The magic missile is disrupted by your shield! You die... Final status: Goodbye Croesus the Ranger, killed by a magic missile... You died in The Dungeons of Doom on dungeon level 11 with 62142 points, and 3891 pieces of gold, after 27041 moves. You were level 10 with a maximum of 87 hit points when you died.